 Dungeon Crawl Stone Soup version 0.23.2 (webtiles) character file.

Game seed: 8585149180569216929

1784 sagitran the Slasher (level 8, -2/62 HPs)
             Began as a Demonspawn Chaos Knight on Mar 31, 2019.
             Was a Plaything of Xom.
             Slain by an orc warrior
             ... wielding a +1 battleaxe of electrocution
              (25 damage)
             ... on level 7 of the Dungeon.
             The game lasted 00:27:15 (6109 turns).

sagitran the Slasher (Demonspawn Chaos Knight)      Turns: 6109, Time: 00:27:16

Health: -2/62      AC:  7    Str: 11    XL:     8   Next: 81%
Magic:  8/8        EV: 13    Int: 15    God:    Xom [..*...]
Gold:   305        SH:  0    Dex: 11    Spells: 6/7 levels left

rFire    + + .     SeeInvis .   a - +0 falchion (chaos)
rCold    + . .     Gourm    .   (no shield)
rNeg     . . .     Faith    .   b - +2 leather armour
rPois    .         Spirit   .   (no helmet)
rElec    .         Reflect  .   e - scarf {rC+ rF+}
rCorr    .         Harm     .   (no gloves)
MR       +....                  (no boots)
Stlth    +++.......             (no amulet)
HPRegen  0.20/turn              r - ring of protection from magic
MPRegen  0.11/turn              (no ring)

@: no status effects
A: claws 1, icy blue scales 1, clumsy 1, demonic guardian 1, fire resistance 1,
foul stench 1, screaming 1, weak 1, wild magic 1, rot immunity
a: Renounce Religion


You were on level 7 of the Dungeon.
You worshipped Xom.
You were a toy of Xom.
You were not hungry.

You visited 1 branch of the dungeon, and saw 7 of its levels.

You collected 305 gold pieces.

Inventory:

Hand Weapons
 a - a +0 falchion of chaos (weapon)
Missiles
 g - a throwing net (quivered)
Armour
 b - a +2 leather armour (worn)
 e - a scarf of resistance (worn)
Jewellery
 h - an uncursed ring of protection from cold
 r - a ring of protection from magic (left claw)
Wands
 n - a wand of paralysis (8)
 o - a wand of flame (17)
Scrolls
 i - 2 scrolls of fog
 j - 3 scrolls of teleportation
 k - a scroll of magic mapping
 m - 2 scrolls of remove curse
Potions
 f - 3 potions of brilliance
 l - a potion of resistance
 p - 3 potions of flight
 s - a potion of lignification {unknown}
 t - a potion of agility
 u - 2 potions of curing
Comestibles
 c - 8 rations


   Skills:
 + Level 5.0 Fighting
 + Level 7.0 Long Blades
 + Level 3.6 Armour
 + Level 3.9 Dodging
 + Level 5.2 Stealth
 + Level 0.3 Spellcasting
 + Level 0.6 Evocations


You had 6 spell levels left.
You knew the following spells:

 Your Spells              Type           Power        Failure   Level  Hunger
a - Beastly Appendage     Tmut           #.....       41%         1    ##.....

Your spell library contained the following spells:

 Spells                   Type           Power        Failure   Level  Hunger
 Sticks to Snakes         Tmut           #.......     54%         2    ###....
 Spider Form              Tmut/Pois      #.........   77%         3    ####...
 Ice Form                 Ice/Tmut       #.......     98%         4    #####..
 Blade Hands              Tmut           #.........   100%        5    ######.


Dungeon Overview and Level Annotations

Branches:
Dungeon (7/15)             Temple (0/1) D:4

Altars:
Dithmenos
Vehumet
Wu Jian
Xom
Yredelemnul
Zin

Annotations:
D:3 4 runed translucent doors, Crazy Yiuf; Dustman's ghost, amateur DsGl; jt's ghost, amateur OpFi


Innate Abilities, Weirdness & Mutations

You have sharp fingernails.
You are partially covered in icy blue scales. (AC +2)
A weak demonic guardian rushes to your aid.
You may emit foul miasma when damaged in melee.
You are immune to rotting.
You are clumsy. (Dex -2)
Your flesh is heat resistant. (rF+)
You occasionally shout uncontrollably at your foes.
You are weak. (Str -2)
Your spells are a little harder to cast, but a little more powerful.


Message History

The orc barely misses your shadow imp.
Your shadow imp hits the orc.
You barely miss the orc warrior.
Your shadow imp barely misses the orc.
The orc warrior closely misses you.
You riposte.
You hit the orc warrior but do no damage.
The orc warrior hits your shadow imp with a +1 battleaxe of electrocution!
Lightning courses through your shadow imp!
Your shadow imp dies!
The orc warrior barely misses your shadow imp.
The orc hits your shadow imp with a +0 flail.
You hit the orc warrior.
The orc warrior is lightly wounded.
Your shadow imp gestures at the orc.
The orc writhes in agony.
The orc dies!
You hit the orc warrior but do no damage.
Lightning courses through the orc warrior!
The orc warrior is heavily wounded.
Your shadow imp closely misses the orc warrior.
The orc warrior hits you with a +1 battleaxe of electrocution!!
You die...

#########.........#
#.####
..........####.####
#.# #...#####..#
#.# #.# ##.....
#..# #.# #.#
###....⌠.. ##.# #.#
#.# #......... #.#
#.# #.# #.<...###
#[# #.# #. #...###
#5# ..# ##### #@#
### #..o5# #.#..) #
#####


You could see an orc warrior, a friendly iron imp and a friendly shadow imp.

Vanquished Creatures
  Prince Ribbit (D:5)
  A necrophage (D:6)
  An ice beast (D:5)
  An ogre (D:7)
  A centaur (D:7)
  A bullfrog (D:5)
  A scorpion (D:4)
  A howler monkey (D:6)
  A crimson imp (D:7)
  A bullfrog skeleton (D:5)
  A jelly (D:7)
  2 orc priests (D:7)
  An orc wizard (D:3)
  3 iguanas
  7 worker ants
  3 hound skeletons
  A worker ant zombie (D:5)
  4 gnolls
  8 adders
  A river rat (D:4)
  A shadow imp (D:6)
  2 adder skeletons
  2 adder zombies (D:5)
  3 worms
  5 dart slugs
  A leopard gecko (D:2)
  14 orcs
  7 bats
  10 giant cockroaches
  7 goblins
  9 hobgoblins
  2 jackals (D:5)
  3 quokkas
  6 frilled lizards
  12 kobolds
  A leopard gecko zombie (D:5)
  A quokka skeleton (D:4)
  7 rats
134 creatures vanquished.

Vanquished Creatures (collateral kills)
  2 sky beasts
  2 ogres
  A phantom (D:4)
  A jelly (D:6)
  An orc wizard (D:3)
  3 gnolls (D:4)
  A leopard gecko (D:4)
  5 orcs
  A quokka (D:5)
  A frilled lizard (D:4)
  A leopard gecko skeleton (D:4)
19 creatures vanquished.

Vanquished Creatures (others)
  A gnoll shaman (D:4)
  2 gnolls (D:4)
  2 withered plants (D:3)
5 creatures vanquished.

Grand Total: 158 creatures vanquished

Notes
Turn   | Place    | Note
-------+----------+-------------------------------------------
     0 | D:1      | sagitran the Demonspawn Chaos Knight began the quest for
                  | the Orb.
     0 | D:1      | Reached XP level 1. HP: 18/18 MP: 1/1
    86 | D:1      | Reached skill level 3 in Long Blades
    96 | D:1      | Gained mutation: You are partially covered in icy blue
                  | scales. (AC +2) [demonic ancestry]
    96 | D:1      | Reached XP level 2. HP: 10/24 MP: 2/2
   820 | D:1      | XOM: divination: detect creatures
  1085 | D:2      | Gained mutation: A weak demonic guardian rushes to your
                  | aid. [demonic ancestry]
  1085 | D:2      | Reached XP level 3. HP: 26/29 MP: 3/3
  1216 | D:2      | Reached skill level 1 in Dodging
  1295 | D:2      | XOM: silly message
  1403 | D:2      | Reached skill level 1 in Stealth
  1411 | D:2      | Found a shadowy altar of Dithmenos.
  1457 | D:2      | XOM: harmless Air miscast
  1459 | D:2      | Gained mutation: You are immune to rotting. [demonic
                  | ancestry]
  1459 | D:2      | Reached XP level 4. HP: 35/35 MP: 4/4
  1825 | D:3      | Found a radiant altar of Vehumet.
  1832 | D:3      | Found a runed translucent gate.
  1832 | D:3      | Found a runed translucent gate.
  1832 | D:3      | Found a runed translucent gate.
  1833 | D:3      | Noticed jt's ghost (amateur OpFi)
  1833 | D:3      | Noticed Dustman's ghost (amateur DsGl)
  1842 | D:3      | Reached skill level 4 in Long Blades
  1842 | D:3      | Gained mutation: You may emit foul miasma when damaged in
                  | melee. [demonic ancestry]
  1842 | D:3      | Reached XP level 5. HP: 36/41 MP: 5/5
  1893 | D:3      | Found a glowing silver altar of Zin.
  1923 | D:3      | XOM: silly message
  1937 | D:3      | Found a shimmering altar of Xom.
  1973 | D:3      | Found a runed translucent door.
  1974 | D:3      | Noticed Crazy Yiuf
  2216 | D:3      | XOM: mild Hex miscast
  2453 | D:4      | XOM: smoke on damage
  2457 | D:4      | HP: 2/41 [gnoll shaman/+0 club (1)]
  2458 | D:4      | XOM: destruction
  2541 | D:4      | XOM: give mutation
  2541 | D:4      | Gained mutation: You are weak. (Str -2) [Xom's mischief]
  2721 | D:4      | XOM: smoke on damage
  2723 | D:4      | XOM: polymorph hound -> gnoll
  2760 | D:4      | Reached XP level 6. HP: 10/48 MP: 6/6
  2829 | D:4      | Learned a level 1 spell: Beastly Appendage
  2925 | D:4      | Found an ornate altar of the Wu Jian Council.
  2969 | D:4      | Found a staircase to the Ecumenical Temple.
  3165 | D:4      | XOM: harmless Conj miscast
  3345 | D:4      | XOM: god gift: 23 gold pieces
  3392 | D:4      | XOM: confuse monster(s)
  3400 | D:4      | Reached skill level 5 in Long Blades
  3409 | D:4      | XOM: polymorph hound -> river rat
  3421 | D:4      | XOM: give mutations
  3421 | D:4      | Gained mutation: Your spells are a little harder to cast,
                  | but a little more powerful. [Xom's grace]
  3421 | D:4      | Gained mutation: Your flesh is heat resistant. (rF+) [Xom's
                  | grace]
  3520 | D:5      | Entered Level 5 of the Dungeon
  3687 | D:5      | XOM: noise
  3822 | D:5      | Noticed an ice beast
  3827 | D:5      | Noticed a sky beast
  3835 | D:5      | Killed a sky beast
  3835 | D:5      | Reached XP level 7. HP: 19/54 MP: 7/7
  3845 | D:5      | XOM: enchant monster (good)
  3849 | D:5      | XOM: polymorph shadow imp -> crimson imp
  4017 | D:5      | XOM: scenery: create altars
  4274 | D:5      | XOM: god gift: 22 gold pieces
  4470 | D:5      | XOM: summons 3 hostile shadow creatures
  4490 | D:5      | Noticed Prince Ribbit
  4490 | D:5      | XOM: confuse monster(s)
  4501 | D:5      | Killed Prince Ribbit
  4501 | D:5      | Reached skill level 6 in Long Blades
  4501 | D:5      | Gained mutation: You have sharp fingernails. [demonic
                  | ancestry]
  4501 | D:5      | Reached XP level 8. HP: 9/61 MP: 5/8
  4522 | D:5      | XOM: harmless Tloc miscast
  4886 | D:6      | XOM: mild Hex miscast
  5094 | D:6      | Found a basalt altar of Yredelemnul.
  5446 | D:5      | XOM: medium Tmut miscast
  5473 | D:5      | Gained mutation: You occasionally shout uncontrollably at
                  | your foes. [mutagenic glow]
  5521 | D:5      | Gained mutation: You are clumsy. (Dex -2) [mutagenic glow]
  5747 | D:7      | Reached skill level 5 in Stealth
  6000 | D:7      | XOM: silly message
  6102 | D:7      | Reached skill level 5 in Fighting
  6102 | D:7      | Reached skill level 7 in Long Blades
  6109 | D:7      | Slain by an orc warrior

Skill      XL: |  1  2  3  4  5  6  7  8 |
---------------+-------------------------+-----
Long Blades    | 3 4 5 6 7 |  7.0
Armour         | 2 3 |  3.6
Dodging        | 1 2 3 |  3.9
Stealth        | 1 2 3 5 |  5.2
Fighting       | 4 5 |  5.0
Spellcasting   | |  0.3
Evocations     | |  0.6

Action                   |  1- 3 |  4- 6 |  7- 9 || total
-------------------------+-------+-------+-------++-------
Melee: Falchion          |   114 |   237 |   192 ||   543
Throw: Throwing net      |       |     1 |       ||     1
 Cast: Beastly Appendage |       |       |     1 ||     1
Evoke: Wand              |       |       |     4 ||     4
  Use: Potion            |       |     5 |     1 ||     6
       Scroll            |       |     3 |     7 ||    10
 Stab: Paralysed         |     4 |     1 |     7 ||    12
       Sleeping          |     2 |     4 |     2 ||     8
       Confused          |       |     1 |       ||     1
       Petrified         |       |       |     4 ||     4
       Petrifying        |       |       |     1 ||     1
       Distracted        |       |       |     1 ||     1
  Eat: Chunk             |     1 |     8 |     5 ||    14
       Ration            |       |     1 |       ||     1
Armor: Leather armour    |    49 |   117 |    52 ||   218
Dodge: Dodged            |    69 |   140 |   104 ||   313
       Rpst.: Falchion   |    14 |    47 |    32 ||    93
